 Dungeon Crawl Stone Soup version 0.25-a0-589-g1e14c54 (webtiles) character file.

Game seed: 12830452578812543632, levelgen mode: deterministic

232538 Faca the Phalangite (level 19, -3/163 HPs)
             Began as a Merfolk Gladiator on Mar 12, 2020.
             Was the Champion of Okawaru.
             Slain by an entropy weaver (6 damage)
             ... on level 4 of the Spider Nest.
             The game lasted 01:44:14 (35848 turns).

Faca the Phalangite (Merfolk Gladiator)            Turns: 35848, Time: 01:44:14

Health: -3/163     AC:  1    Str: 22    XL:     19   Next: 54%
Magic:  26/26      EV: 24    Int: 14    God:    Okawaru [******]
Gold:   1156       SH:  0    Dex: 16    Spells: 18/18 levels left

rFire    + + +     SeeInvis .   z - +6 demon trident (elec)
rCold    + + .     Gourm    .   w - +3 kite shield of Myngeth {rF+ rC++ Regen+ Str-2}
rNeg     . . .     Faith    .   p - +1 ring mail of Odusodoa {rPois rF+ Str+4}
rPois    +         Spirit   .   Q - +4 hat of the Nexus {rF+ MR+ Int+5}
rElec    .         Reflect  .   N - +1 cloak
rCorr    .         Harm     .   U - +2 pair of gloves
MR       ++...                  S - +1 pair of boots
Stlth    ..........             v - amulet of regeneration
HPRegen  1.17/turn              m - +3 ring of protection
MPRegen  0.20/turn              g - +2 ring of slaying

@: confused, lethally poisoned (-3 -> -3), corroded
A: change form in water, swift swim, stealthy swim
}: 1/15 runes: decaying
a: Heroism, Finesse, Renounce Religion


You were on level 4 of the Spider Nest.
You worshipped Okawaru.
Okawaru was exalted by your worship.
You were hungry.

You visited 6 branches of the dungeon, and saw 32 of its levels.
You also visited: Gauntlet.

You collected 3637 gold pieces.
You spent 2481 gold pieces at shops.

Inventory:

Hand Weapons
 z - a +6 demon trident of electrocution (weapon)
Missiles
 c - 37 javelins
 d - 4 throwing nets
 l - 20 silver javelins
 x - 7 silver boomerangs (quivered)
Armour
 p - the +1 ring mail of Odusodoa (worn) {rPois rF+ Str+4}
   (You bought it in a shop on level 2 of the Orcish Mines)

   It affects your strength (+4).
   It protects you from fire.
   It protects you from poison.
 w - the +3 kite shield of Myngeth (worn) {rF+ rC++ Regen+ Str-2}
   (Okawaru gifted it to you on level 10 of the Dungeon)

   It affects your strength (-2).
   It protects you from fire.
   It greatly protects you from cold.
   It increases your rate of regeneration.
 B - the +3 chain mail of the Stag {MR+ Int+4 Dex+3}
   (You found it on level 8 of the Dungeon)

   It affects your intelligence (+4).
   It affects your dexterity (+3).
   It affects your resistance to hostile enchantments.
 F - a scarf of resistance
 J - the +7 tower shield "Fioff" {Dex+2}
   (Okawaru gifted it to you on level 4 of the Lair of Beasts)

   It affects your dexterity (+2).
 N - a +1 cloak (worn)
 Q - the +4 hat of the Nexus (worn) {rF+ MR+ Int+5}
   (You found it in a Gauntlet)

   It affects your intelligence (+5).
   It protects you from fire.
   It affects your resistance to hostile enchantments.
 S - a +1 pair of boots (worn)
 U - a +2 pair of gloves (worn)
Jewellery
 g - a +2 ring of slaying (right hand)
 m - a +3 ring of protection (left hand)
 v - an amulet of regeneration (around neck)
 D - an uncursed ring of resist corrosion
 P - the ring "Zurgh" {+Inv rF- rC+ Str+2 SInv}
   (You found it in a Gauntlet)

   [ring of protection from cold]

   It affects your strength (+2).
   It makes you vulnerable to fire.
   It protects you from cold.
   It lets you see invisible.
   It lets you turn invisible.
Wands
 y - a wand of digging (14)
 C - a wand of acid (32)
Scrolls
 i - 6 scrolls of fog
 k - 4 scrolls of remove curse
 n - 4 scrolls of magic mapping
 r - 14 scrolls of teleportation
 s - 5 scrolls of enchant armour
 u - 3 scrolls of fear
 E - 8 scrolls of identify
 K - a scroll of torment
 L - 2 scrolls of blinking
 M - a scroll of brand weapon
Potions
 a - 4 potions of lignification
 e - 3 potions of haste
 h - a potion of might
 j - 10 potions of brilliance
 o - 3 potions of berserk rage
 q - 6 potions of flight
 t - 2 potions of resistance
 A - 2 potions of invisibility
 H - 4 potions of mutation
 I - 5 potions of ambrosia
 O - 2 potions of cancellation
Comestibles
 f - 52 rations


   Skills:
 + Level 18.1 Fighting
 + Level 22.4 Polearms
 - Level 10.0 Throwing
 - Level 5.0 Armour
 + Level 18.7 Dodging
 + Level 13.9 Shields
 - Level 10.0 Invocations


You had 18 spell levels left.
You didn't know any spells.
Your spell library contained the following spells:

 Spells                   Type           Power        Failure   Level  Hunger
 Animate Skeleton         Necr           N/A          45%         1    ##.....
 Freeze                   Ice            #...         45%         1    ##.....
 Magic Dart               Conj           #...         45%         1    ##.....
 Pain                     Necr           #...         45%         1    ##.....
 Summon Butterflies       Summ           #.......     45%         1    ##.....
 Blink                    Tloc           N/A          61%         2    ###....
 Call Imp                 Summ           #.......     61%         2    ###....
 Poisonous Vapours        Pois/Air       #.....       61%         2    ###....
 Searing Ray              Conj           #.....       61%         2    ###....
 Slow                     Hex            #.......     61%         2    ###....
 Call Canine Familiar     Summ           #.......     83%         3    ####...
 Conjure Flame            Conj/Fire      #.......     83%         3    ####...
 Dazzling Flash           Conj/Hex       #.....       83%         3    ####...
 Frozen Ramparts          Ice            #.....       83%         3    ####...
 Mephitic Cloud           Conj/Pois/Air  #.......     83%         3    ####...
 Ozocubu's Armour         Chrm/Ice       #.......     83%         3    ####...
 Portal Projectile        Hex/Tloc       #.....       83%         3    ####...
 Recall                   Summ/Tloc      N/A          83%         3    ####...
 Vampiric Draining        Necr           #.........   83%         3    ####...
 Animate Dead             Necr           N/A          99%         4    #####..
 Fulminant Prism          Conj/Hex       #.........   99%         4    #####..
 Hailstorm                Conj/Ice       #.......     99%         4    #####..
 Iskenderun's Mystic Bla  Conj/Tloc      #.......     99%         4    #####..
 Summon Ice Beast         Ice/Summ       #.......     99%         4    #####..
 Agony                    Necr           #.......     100%        5    ######.
 Borgnjor's Vile Clutch   Necr/Erth      #.........   100%        5    ######.
 Summon Mana Viper        Hex/Summ       #.......     100%        5    ######.
 Death Channel            Necr           #.........   100%        6    #######
 Eringya's Noxious Bog    Tmut/Pois      #.........   100%        6    #######
 Simulacrum               Ice/Necr       #.........   100%        6    #######
 Summon Hydra             Summ           #.........   100%        7    #######


Dungeon Overview and Level Annotations

Branches:
Dungeon (15/15)            Temple (1/1) D:4            Lair (6/6) D:9
  Swamp (4/4) Lair:2       Spider (4/4) Lair:4        Slime (0/5) Lair:6
    Orc (2/2) D:10            Elf (0/3) Orc:2        Vaults (0/5) D:14
 Depths (0/5) D:15        Gauntlet (visited)

Altars:
Ashenzari
Cheibriados
Dithmenos
Elyvilon
Fedhas
Gozag
Hepliaklqana
Kikubaaqudgha
Makhleb
Nemelex Xobeh
Okawaru
Qazlal
Ru
Sif Muna
Trog
Uskayaw
Vehumet
Wu Jian
Xom
Yredelemnul
Zin
The Shining One
Jiyva

Shops:
D:10 *   D:11 [   D:13 (   Orc:2 *:%[

Portals:
Pandemonium: Orc:2

Annotations:
D:10 1 runed translucent door


Message History

The emperor scorpion claws you!
* * * LOW HITPOINT WARNING * * *
You feel much better. The tarantella completely misses you.
The entropy weaver closely misses you. The entropy weaver hits you!
* * * LOW HITPOINT WARNING * * *
The entropy weaver hits you!
* * * LOW HITPOINT WARNING * * *
The entropy weaver barely misses you. The tarantella misses you.
The emperor scorpion completely misses you.
The emperor scorpion claws you!
* * * LOW HITPOINT WARNING * * *
The emperor scorpion misses you.
Okay, then.
Search for what [Enter for "pois", or ? for help]? curing Unknown command.
You hit the tarantella but do no damage.
The entropy weaver barely misses you. The entropy weaver hits you.
* * * LOW HITPOINT WARNING * * *
The entropy weaver closely misses you. The entropy weaver hits you.
You die...

...#...s###.###....###......##...
.............##.....#...#....#...
.#..........####...[.[.....###.^.
........#^..##.##^..........##..#
...^....#............^#.........#
...#.......^.#....†..^.#.........
...#......#..s......#..#....)##..
...#.....#.<..†ss...............†
.....##........a@......#.........
#...............#.............##.
##................#..............
#......###..#.......#...........
#.....(........#.#..............
.........#....####.......##..(.
.............# ##..........^. ###
########## #############


You could see an emperor scorpion, an entropy weaver, an orb spider and a
tarantella.

Vanquished Creatures
  Mara (Swamp:4)
  Arachne (Spider:3)
  The ghost of Kiam the Fencer, an adept DDFi of Makhleb (Spider:4)
  Asterion (Spider:3)
  A tengu reaver (D:13)
  Donald (Swamp:4)
  Kirke (Swamp:4)
  3 thorn hunters (Swamp:3)
  2 ghost moths
  Aizul (Spider:1)
  9 emperor scorpions
  5 entropy weavers
  A spark wasp (Spider:1)
  2 dire elephants
  A minotaur (Gauntlet)
  Azrael (Spider:1)
  A yaktaur captain (D:13)
  4 fire dragons
  Fannar (D:11)
  A great orb of eyes (Gauntlet)
  8 vault guards (D:14)
  2 catoblepae (Lair:6)
  A rakshasa (D:14)
  A shambling mangrove (Swamp:1)
  6 ghost crabs (Swamp:2)
  27 hydras
  2 centaur warriors (D:13)
  An ogre mage (D:13)
  A deep troll shaman (Lair:6)
  8 death yaks
  A dancing weapon (Spider:4)
  5 two-headed ogres
  10 alligators
  A queen ant (Spider:2)
  Urug (Lair:2)
  A tengu warrior (D:15)
  6 orc high priests (Orc:2)
  A soul eater (Orc:2)
  A sun demon (Orc:2)
  A skeletal warrior (D:11)
  2 unseen horrors
  2 gelid demonspawn (Orc:2)
  6 spriggan druids
  11 swamp dragons
  A phantasmal warrior (D:13)
  Pikel (D:8)
  A harpy (D:14)
  3 deep elf magi
  4 orc knights (Orc:2)
  3 lindwurms (Swamp:4)
  16 orb spiders
  31 wolf spiders
  8 orc sorcerers (Orc:2)
  7 cyclopes
  2 manticores
  A salamander (D:15)
  6 ugly things
  A guardian serpent (shapeshifter) (D:15)
  13 elephants
  2 black mambas
  Joseph (D:8)
  A smoke demon (Orc:2)
  9 torpor snails
  4 apocalypse crabs (Swamp:2)
  A gargoyle (D:12)
  13 spiny frogs
  2 centaur skeletons (D:6)
  5 komodo dragons
  25 demonic crawlers
  A rime drake (Lair:4)
  A kobold demonologist (D:13)
  2 hellwings
  A yaktaur (D:14)
  A queen bee (shapeshifter) (D:15)
  A harpy zombie (D:14)
  A troll (shapeshifter) (D:13)
  37 jumping spiders
  A tengu conjurer (D:15)
  6 trolls
  A polar bear (Lair:6)
  3 meliai (D:14)
  8 tyrant leeches
  A red devil (Orc:2)
  A wolf spider simulacrum (D:15)
  20 hornets
  Grinder (D:5)
  6 slime creatures
  20 blink frogs
  10 hippogriffs
  9 bog bodies
  A meliai zombie (D:12)
  75 redbacks
  9 spriggans
  A water elemental (D:15)
  27 tarantellas
  3 shadows
  3 wraiths
  39 yaks
  A basilisk (D:13)
  6 wyverns
  4 hungry ghosts
  A hog (Swamp:4)
  4 fire elementals
  18 vampire mosquitoes
  2 steam dragons
  9 insubstantial wisps
  4 wargs
  10 swamp worms
  An acid dragon (D:13)
  14 water moccasins
  32 soldier ants
  4 hell hounds
  7 porcupines
  A water moccasin (shapeshifter) (D:13)
  12 swamp drakes
  2 slaves (D:8)
  29 orc warriors
  2 ice beasts
  5 black bears
  5 sky beasts
  An eye of draining (D:13)
  A phantom (D:12)
  An ogre (shapeshifter) (D:15)
  11 ogres
  7 necrophages
  21 wolves
  18 crocodiles
  10 centaurs
  5 big kobolds
  23 bullfrogs
  2 wyvern zombies
  A wyvern skeleton (D:6)
  9 scorpions
  17 killer bees
  13 wights
  An electric eel (D:15)
  8 crimson imps
  2 howler monkeys (D:10)
  A centaur zombie (D:11)
  6 jellies
  A bullfrog zombie (D:11)
  21 orc priests
  7 hounds
  19 orc wizards
  2 bullfrog skeletons
  Terence (D:3)
  3 iguanas
  29 worker ants
  A bullfrog simulacrum (D:11)
  3 hound zombies
  2 howler monkey zombies
  A howler monkey skeleton (D:6)
  25 adders
  4 shadow imps
  An adder zombie (D:6)
  2 worms (D:2)
  A dart slug (D:1)
  5 leopard geckos
  58 orcs
  6 bats
  2 giant cockroaches
  4 goblins
  2 hobgoblins
  15 jackals
  5 quokkas
  A ball python (D:1)
  6 frilled lizards
  A jackal skeleton (D:4)
  29 kobolds
  2 quokka skeletons
  A quokka zombie (D:6)
  2 rats
  A briar patch (Swamp:3)
1190 creatures vanquished.

Vanquished Creatures (others)
  Nikola (Spider:2)
  A hydra (Swamp:4)
  An unseen horror (D:13)
  A wolf spider (Spider:2)
  3 redbacks (Spider:2)
  A spriggan (Swamp:4)
  A hog (Swamp:4)
  2 humans (Swamp:4)
  2 steam dragons (Swamp:4)
  A swamp drake (Swamp:4)
  A worker ant (Spider:2)
  3 bushes (Lair:6)
  5 fungi
  9 plants
32 creatures vanquished.

Grand Total: 1222 creatures vanquished

Notes
Turn   | Place    | Note
-------+----------+-------------------------------------------
     0 | D:1      | Faca the Merfolk Gladiator began the quest for the Orb.
     0 | D:1      | Reached XP level 1. HP: 16/16 MP: 1/1
    77 | D:1      | Reached XP level 2. HP: 22/23 MP: 2/2
   357 | D:1      | Reached skill level 5 in Polearms
   591 | D:2      | Reached XP level 3. HP: 29/29 MP: 3/3
  1093 | D:3      | Reached XP level 4. HP: 34/36 MP: 4/4
  1148 | D:3      | Reached skill level 6 in Polearms
  1388 | D:3      | Noticed Terence
  1434 | D:3      | Killed Terence
  1889 | D:4      | Found a staircase to the Ecumenical Temple.
  1894 | D:4      | Reached XP level 5. HP: 42/42 MP: 5/5
  1912 | Temple   | Entered the Ecumenical Temple
  1926 | Temple   | Became a worshipper of Warmaster Okawaru
  2201 | D:4      | Reached skill level 7 in Polearms
  2255 | D:4      | Found a glowing golden altar of the Shining One.
  2260 | D:4      | Reached XP level 6. HP: 47/50 MP: 6/6
  2583 | D:4      | Reached skill level 5 in Fighting
  2949 | D:5      | Entered Level 5 of the Dungeon
  3014 | D:5      | Noticed Grinder
  3042 | D:5      | Killed Grinder
  3042 | D:5      | Reached * piety under Okawaru
  3042 | D:5      | Reached skill level 8 in Polearms
  3042 | D:5      | Reached XP level 7. HP: 16/58 MP: 7/7
  3214 | D:5      | Found a stormy altar of Qazlal.
  3245 | D:5      | Reached skill level 9 in Polearms
  3893 | D:6      | Reached ** piety under Okawaru
  3893 | D:6      | Reached skill level 10 in Polearms
  3893 | D:6      | Reached XP level 8. HP: 39/67 MP: 8/8
  4452 | D:6      | Reached skill level 11 in Polearms
  4660 | D:6      | Reached *** piety under Okawaru
  5019 | D:7      | Reached XP level 9. HP: 68/75 MP: 7/9
  5049 | D:7      | Reached skill level 12 in Polearms
  5471 | D:7      | Found a shimmering blue altar of Sif Muna.
  5645 | D:8      | You fall into a shaft and drop 2 floors!
  5645 | D:10     | Entered Level 10 of the Dungeon
  5775 | D:10     | Received a gift from Okawaru
  5775 | D:10     | Reached skill level 10 in Fighting
  5775 | D:10     | Reached skill level 13 in Polearms
  5834 | D:10     | Reached skill level 5 in Dodging
  5962 | D:9      | Noticed a two-headed ogre
  5969 | D:9      | Killed a two-headed ogre
  5969 | D:9      | Reached **** piety under Okawaru
  5969 | D:9      | Reached XP level 10. HP: 54/86 MP: 7/10
  6083 | D:9      | Noticed a two-headed ogre
  6092 | D:9      | Killed a two-headed ogre
  6092 | D:9      | Reached skill level 14 in Polearms
  6092 | D:9      | Reached skill level 1 in Invocations
  6292 | D:9      | Reached ***** piety under Okawaru
  6506 | D:8      | Got a slimy chain mail
  6508 | D:8      | Identified the +3 chain mail of the Stag {MR+ Int+4 Dex+3}
                  | (You found it on level 8 of the Dungeon)
  6683 | D:8      | Noticed Pikel
  6691 | D:8      | Killed Pikel
  6890 | D:8      | Reached XP level 11. HP: 90/93 MP: 14/14
  7114 | D:8      | Noticed Joseph
  7132 | D:8      | Killed Joseph
  7362 | D:9      | Found a staircase to the Lair.
  7607 | D:9      | Reached skill level 1 in Armour
  7833 | D:10     | Found the +9 staff of Olgreb {rPois∞}
  7840 | D:10     | Found a runed translucent gate.
  7840 | D:10     | Found a runed translucent gate.
  7841 | D:10     | Found a runed translucent door.
  7906 | D:10     | Found Iqirix's General Store.
  7914 | D:10     | Bought a +0 kite shield for 72 gold pieces
  7914 | D:10     | Bought a potion of curing for 48 gold pieces
  7930 | D:10     | Found an iron altar of Okawaru.
  8067 | D:10     | Received a gift from Okawaru
  8070 | D:10     | Got a faintly glowing kite shield {god gift}
  8086 | D:10     | Identified the +3 kite shield of Myngeth {rF+ rC++ Regen+
                  | Str-2} (Okawaru gifted it to you on level 10 of the
                  | Dungeon)
  8123 | D:10     | Found a runed translucent gate.
  8128 | D:10     | Found a runed translucent door.
  8232 | D:10     | Found a staircase to the Orcish Mines.
  8417 | D:10     | Reached skill level 1 in Shields
  8682 | D:11     | Killed an unseen horror
  8682 | D:11     | Reached skill level 15 in Polearms
  8766 | D:11     | Noticed a two-headed ogre
  8773 | D:11     | Killed a two-headed ogre
  8773 | D:11     | Reached skill level 5 in Invocations
  8822 | D:11     | Noticed a cyclops
  8836 | D:11     | Killed a cyclops
  8940 | D:11     | Noticed a two-headed ogre
  8959 | D:11     | Killed a two-headed ogre
  9205 | D:11     | Noticed a red ugly thing
  9220 | D:11     | Noticed a cyclops
  9221 | D:11     | Killed a red ugly thing
  9329 | D:11     | Killed a cyclops
  9330 | D:11     | Noticed a skeletal warrior
  9355 | D:11     | Killed a skeletal warrior
  9410 | D:11     | Found Bazifuv's Antique Armour Boutique.
  9966 | D:11     | Noticed a green ugly thing
  9987 | D:11     | Killed a green ugly thing
 10168 | D:11     | Noticed Fannar
 10192 | D:11     | Reached XP level 12. HP: 96/102 MP: 16/16
 10225 | D:11     | Killed Fannar
 10225 | D:11     | Received a gift from Okawaru
 10534 | Lair:1   | Entered Level 1 of the Lair of Beasts
 10646 | Lair:1   | Reached skill level 10 in Dodging
 11753 | Lair:2   | Found a staircase to the Swamp.
 11796 | Lair:2   | Reached skill level 16 in Polearms
 11869 | Lair:2   | Noticed Urug
 11892 | Lair:2   | Killed Urug
 12200 | Lair:3   | Noticed a death yak
 12232 | Lair:3   | Killed a death yak
 12257 | Lair:3   | Noticed a death yak
 12259 | Lair:3   | Noticed a death yak
 12279 | Lair:3   | Killed a death yak
 12310 | Lair:3   | Killed a death yak
 12310 | Lair:3   | Reached skill level 5 in Shields
 12417 | Lair:3   | Found a gate leading to a gauntlet.
 12448 | Gauntlet | Entered a Gauntlet
 12448 | Gauntlet | Found a transporter.
 12448 | Gauntlet | Found a transporter.
 12452 | Gauntlet | Found a transporter.
 12461 | Gauntlet | Found a transporter.
 12462 | Gauntlet | Found the +7 great mace "Firestarter" {inner flame, rF++}
 12474 | Gauntlet | Found a transporter.
 12484 | Gauntlet | Found a transporter.
 12484 | Gauntlet | Found a transporter.
 12484 | Gauntlet | Noticed a great orb of eyes
 12489 | Gauntlet | Found a transporter.
 12514 | Gauntlet | Found a transporter.
 12525 | Gauntlet | Found a transporter.
 12538 | Gauntlet | Found a transporter.
 12549 | Gauntlet | Found a transporter.
 12583 | Gauntlet | Found a transporter.
 12597 | Gauntlet | Found a transporter.
 12695 | Gauntlet | Found a transporter.
 12716 | Gauntlet | Found a transporter.
 12991 | Gauntlet | Reached XP level 13. HP: 108/109 MP: 12/18
 13037 | Gauntlet | Got a transparent wooden ring
 13040 | Gauntlet | Identified the ring "Zurgh" {+Inv rF- rC+ Str+2 SInv} (You
                  | found it in a Gauntlet)
 13150 | Gauntlet | Got a dazzling hat
 13161 | Gauntlet | Killed a great orb of eyes
 13169 | Gauntlet | Identified the +4 hat of the Nexus {rF+ MR+ Int+5} (You
                  | found it in a Gauntlet)
 13206 | Gauntlet | Noticed a minotaur
 13240 | Gauntlet | Killed a minotaur
 13544 | Lair:3   | Found a radiant altar of Vehumet.
 13647 | Lair:3   | Reached ****** piety under Okawaru
 14091 | Lair:4   | Received a gift from Okawaru
 14434 | Lair:4   | Received a gift from Okawaru
 14437 | Lair:4   | Got a polished tower shield {god gift}
 14448 | Lair:4   | Identified the +7 tower shield "Fioff" {Dex+2} (Okawaru
                  | gifted it to you on level 4 of the Lair of Beasts)
 14499 | Lair:4   | Found a hole to the Spider Nest.
 14514 | Lair:4   | Reached skill level 17 in Polearms
 14514 | Lair:4   | Reached skill level 5 in Armour
 15315 | Lair:5   | Reached XP level 14. HP: 118/118 MP: 20/20
 15835 | Lair:6   | Entered Level 6 of the Lair of Beasts
 16423 | Lair:6   | Received a gift from Okawaru
 16660 | Lair:6   | Found a viscous altar of Jiyva.
 16661 | Lair:6   | Found a staircase to the Slime Pits.
 16829 | Lair:6   | Received a gift from Okawaru
 17035 | Lair:6   | Received a gift from Okawaru
 17118 | Lair:6   | Reached skill level 10 in Invocations
 17170 | Lair:6   | Reached skill level 18 in Polearms
 17341 | Lair:6   | Received a gift from Okawaru
 17342 | Lair:6   | Noticed a dire elephant
 17378 | Lair:6   | Killed a dire elephant
 17699 | Orc:1    | Entered Level 1 of the Orcish Mines
 17783 | Orc:2    | Entered Level 2 of the Orcish Mines
 17788 | Orc:2    | Found a staircase to the Elven Halls.
 18790 | Orc:2    | Received a gift from Okawaru
 18801 | Orc:2    | Found Ontistis's Food Emporium.
 18802 | Orc:2    | Found Xoov's General Store.
 19154 | Orc:2    | Reached XP level 15. HP: 98/127 MP: 22/22
 19169 | Orc:2    | Received a gift from Okawaru
 19453 | Orc:2    | Received a gift from Okawaru
 19637 | Orc:2    | Received a gift from Okawaru
 19786 | Orc:2    | Found Xireapt's Book Boutique.
 19786 | Orc:2    | Found Yguolexi's Antique Armour Shop.
 19787 | Orc:2    | Found a one-way gate leading to the halls of Pandemonium.
 19997 | Orc:2    | Bought a pair of steaming gloves for 332 gold pieces
 19997 | Orc:2    | Bought a pair of embroidered boots for 262 gold pieces
 19997 | Orc:2    | Bought a pair of crude gloves for 332 gold pieces
 20019 | Orc:2    | Identified the +1 pair of gloves of Keywnuon {rC+ Str-5
                  | Dex+8 Stlth+} (You bought it in a shop on level 2 of the
                  | Orcish Mines)
 20029 | Orc:2    | Identified the cursed -4 pair of gloves "Wameveal" {MP+9}
                  | (You bought it in a shop on level 2 of the Orcish Mines)
 20030 | Orc:2    | Bought a bloodstained scale mail for 315 gold pieces
 20041 | Orc:2    | Identified the +4 scale mail "Rueth" {rElec rF+ Str-3 SInv}
                  | (You bought it in a shop on level 2 of the Orcish Mines)
 20113 | Orc:1    | Found a bloodstained altar of Trog.
 20385 | Orc:2    | Bought an encrusted ring mail for 315 gold pieces
 20395 | Orc:2    | Identified the cursed +1 ring mail of Odusodoa {rPois rF+
                  | Str+4} (You bought it in a shop on level 2 of the Orcish
                  | Mines)
 20912 | D:12     | Found a sacrificial altar of Ru.
 21714 | D:13     | Received a gift from Okawaru
 21728 | D:13     | Noticed a tengu reaver
 21765 | D:13     | Killed a tengu reaver
 21765 | D:13     | Reached skill level 5 in Throwing
 21820 | D:13     | Reached skill level 15 in Fighting
 21950 | D:13     | Found Ymica's Weapon Shop.
 22113 | D:13     | Reached skill level 19 in Polearms
 22383 | D:13     | Received a gift from Okawaru
 22696 | D:13     | Identified the Guide on Dislocation and Contamination
 23167 | D:14     | Reached skill level 10 in Shields
 23398 | D:14     | Paralysed by a hornet for 3 turns
 23561 | D:14     | Reached XP level 16. HP: 110/136 MP: 23/23
 23714 | D:14     | Got a dazzling scale mail
 23725 | D:14     | Identified the +1 scale mail of Absolutism {+Blink Str+4}
                  | (You found it on level 14 of the Dungeon)
 23961 | D:14     | Found a gate to the Vaults.
 24001 | D:14     | Received a gift from Okawaru
 24001 | D:14     | Reached skill level 15 in Dodging
 24863 | D:15     | Entered Level 15 of the Dungeon
 24943 | D:15     | Received a gift from Okawaru
 25072 | D:15     | Found a staircase to the Depths.
 25324 | D:15     | Received a gift from Okawaru
 25788 | D:15     | Identified a scroll of acquirement
 25788 | D:15     | Identified the +1 helmet of Waonos {SInv} (You acquired it
                  | on level 15 of the Dungeon)
 25973 | D:11     | Bought a topaz-encrusted chain mail for 294 gold pieces
 25973 | D:11     | Bought a translucent ring mail for 279 gold pieces
 25973 | D:11     | Bought a runed helmet for 232 gold pieces
 26004 | D:11     | Identified the cursed +1 ring mail of Listlessness {rElec
                  | rN+ Regen+ Int-4} (You bought it in a shop on level 11 of
                  | the Dungeon)
 26016 | D:11     | Identified the cursed +1 chain mail of Haorovie {rElec rN+
                  | Str-4 Int+5} (You bought it in a shop on level 11 of the
                  | Dungeon)
 26368 | Swamp:1  | Entered Level 1 of the Swamp
 27197 | Swamp:1  | Found a sacrificial altar of Ru.
 27463 | Swamp:1  | Received a gift from Okawaru
 27804 | Swamp:2  | Reached skill level 20 in Polearms
 28175 | Swamp:2  | Found a runed translucent door.
 28560 | Swamp:2  | Reached XP level 17. HP: 114/144 MP: 24/24
 29030 | Swamp:3  | Received a gift from Okawaru
 29578 | Swamp:4  | Entered Level 4 of the Swamp
 29841 | Swamp:4  | Noticed Donald
 29854 | Swamp:4  | Killed Donald
 30007 | Swamp:4  | Noticed Kirke
 30020 | Swamp:4  | Killed Kirke
 30042 | Swamp:4  | Received a gift from Okawaru
 30047 | Swamp:4  | Got a translucent cloak {god gift}
 30065 | Swamp:3  | Identified the -2 cloak "Otziluh" {SInv} (Okawaru gifted it
                  | to you on level 4 of the Swamp)
 30209 | Swamp:4  | Got a decaying rune of Zot
 30270 | Swamp:4  | Noticed Mara
 30274 | Swamp:4  | Noticed Faca's illusion
 30651 | Swamp:4  | Killed Mara
 31193 | Spider:1 | Entered Level 1 of the Spider Nest
 31302 | Spider:1 | Noticed Aizul
 31313 | Spider:1 | Killed Aizul
 31364 | Spider:1 | Reached skill level 21 in Polearms
 31389 | Spider:1 | Reached XP level 18. HP: 149/153 MP: 25/25
 32525 | Spider:2 | Noticed Nikola
 32535 | Spider:2 | Reached skill level 10 in Throwing
 32679 | Spider:2 | Killed Nikola
 32826 | Spider:1 | Received a gift from Okawaru
 32973 | Spider:2 | Noticed Azrael
 33097 | Spider:1 | Killed Azrael
 33149 | Spider:2 | Received a gift from Okawaru
 33902 | Spider:3 | Received a gift from Okawaru
 34032 | Spider:3 | Noticed Asterion
 34052 | Spider:3 | Killed Asterion
 34052 | Spider:3 | Received a gift from Okawaru
 34334 | Spider:3 | Reached XP level 19. HP: 161/161 MP: 26/26
 34399 | Spider:3 | Reached skill level 22 in Polearms
 34607 | Spider:4 | Entered Level 4 of the Spider Nest
 34917 | Spider:4 | Noticed Arachne
 34950 | Spider:3 | Killed Arachne
 35086 | Spider:4 | Received a gift from Okawaru
 35441 | Spider:4 | Found a runed translucent door.
 35442 | Spider:4 | Found a shimmering altar of Xom.
 35442 | Spider:4 | Noticed Kiam's ghost (adept DDFi)
 35486 | Spider:4 | Killed Kiam's ghost
 35495 | Spider:4 | Got a crude trident
 35496 | Spider:4 | Identified the cursed +2 trident of Jattopnu {drain, rF++
                  | rC+} (You found it on level 4 of the Spider Nest)
 35847 | Spider:4 | HP: 7/163 [emperor scorpion (14)]
 35848 | Spider:4 | HP: 3/163 [entropy weaver (4)]
 35848 | Spider:4 | Slain by an entropy weaver

Levels and vault maps discovered:
D:1:      sevenhm_arrival_forest_fort_large_1, layout_basic, nrook_campfire
D:2:      layout_basic
D:3:      layout_basic, first_ration, uniq_terence
D:4:      layout_basic, minmay_temple_entry_statues_pillars, tso_altar
D:5:      layout_basic, nicolae_qazlal_general_emergency, uniq_grinder
D:6:      layout_loops_ring, serial_undead, serial_undead_b, serial_undead_e,
          serial_undead_c, serial_undead_c
D:7:      layout_basic, basic_altar
D:8:      layout_basic, uniq_pikel, uniq_joseph
D:9:      layout_basic, lair_entry_dummy, the_bakery, minmay_misc_feat_cross,
          hangedman_misty_isle
D:10:     layout_stronghold, minmay_orc_entry_guard_dogs, basic_altar,
          serial_shops, shop, minmay_guarded_unrand_staff_of_olgreb
D:11:     minmay_inside_and_out, layout_grid_maze, serial_shops,
          nicolae_shop_overgrown_old_shop, uniq_fannar
D:12:     layout_basic, basic_altar
D:13:     four-leaf_vault, layout_irregular_city, serial_shops, shop,
          kennysheep_nondescript, minmay_radiant
D:14:     minmay_triangles_in_corner, layout_basic, erik_vaults_2
D:15:     hangedman_depths_entry_try_elsewhere_first, layout_grid_maze,
          nrook_pool_corridor
Temple:   minmay_crystal_snake_temple
Lair:1:   layout_cave_pods
Lair:2:   layout_regular_city, skrybe_swamp_entry_bodies,
          cheibrodos_lair_reptile_den, uniq_urug
Lair:3:   layout_gridlike, gauntlet_entry_generic, basic_altar,
          serial_bayou_lagoon_a, lemuel_fruit_fields, grunt_megastairs_1
Lair:4:   layout_long_grid, nicolae_spider_entry_orb_guardian,
          grunt_megastairs_2
Lair:5:   layout_cave_pods, grunt_megastairs_4
Lair:6:   grunt_lair_end_beastmaster, layout_regular_city,
          dpeg_slime_entry_enclosed_altar
Swamp:1:  layout_basic_swamp, lemuel_altar_in_water, swamp_pool5, st_swamp_mini,
          infiniplex_staircase_pool_2
Swamp:2:  gammafunk_mikee_crab_dinner, layout_falls_marsh,
          infiniplex_staircase_pool
Swamp:3:  layout_falls_marsh, hangedman_swamp_diagram, roderic_carrion_pond
Swamp:4:  swamp_fiery, layout_basic_swamp, swamp_pool1, uniq_donald, uniq_kirke,
          uniq_mara
Spider:1: layout_chambers, worms_lemuel, uniq_aizul
Spider:2: nicolae_spider_mines_1, minivault_29, uniq_nikola, uniq_azrael
Spider:3: spiders_nest_scorpion_pit, uniq_asterion
Spider:4: grunt_spider_rune_circles, ebering_ghost_xom, uniq_arachne
Orc:1:    layout_caves, bloody_trog
Orc:2:    pf_orc_diabolical, layout_diamond_mine

Skill      XL: |  1  2  3  4  5  6  7  8  9 10 11 12 13 14 15 16 17 18 19 |
---------------+----------------------------------------------------------+-----
Polearms       | 5 6 7 8 10 11 13 14 15 16 17 18 19 20 21 22 | 22.4
Fighting       | 3 4 6 7 8 10 11 12 13 14 15 16 17 18 | 18.1
Dodging        | 6 8 9 11 12 13 14 15 17 18 | 18.7
Invocations    | 4 6 7 9 10 | 10.0
Armour         | 2 4 5 |  5.0
Shields        | 3 5 7 8 10 11 12 13 | 13.9
Throwing       | 3 6 8 9 10 | 10.0

Action                   |  1- 3 |  4- 6 |  7- 9 | 10-12 | 13-15 | 16-18 | 19-21 || total
-------------------------+-------+-------+-------+-------+-------+-------+-------++-------
Melee: Trident           |    90 |   193 |   391 |   731 |  2623 |   427 |       ||  4455
       Halberd           |       |       |    40 |   215 |       |       |       ||   255
       Demon trident     |       |       |       |       |       |  1561 |   421 ||  1982
       Tailslap          |       |       |       |       |       |    49 |     5 ||    54
Throw: Throwing net      |       |     2 |       |       |       |       |       ||     2
       Boomerang         |       |       |       |    11 |    13 |    15 |       ||    39
Invok: Heroism           |       |       |     2 |     7 |    11 |     5 |     2 ||    27
       Finesse           |       |       |       |     1 |     4 |       |     1 ||     6
  Use: Scroll            |     6 |     8 |     4 |    10 |    12 |    12 |     3 ||    55
       Potion            |       |       |       |       |     5 |     5 |     1 ||    11
 Stab: Sleeping          |     1 |       |       |       |       |       |       ||     1
       Distracted        |       |       |       |       |       |     1 |       ||     1
       Paralysed         |       |       |       |       |       |     1 |       ||     1
  Eat: Chunk             |       |     7 |    12 |    23 |    38 |    25 |     5 ||   110
       Ration            |       |       |       |       |       |     3 |       ||     3
Armor: Leather armour    |     2 |       |       |       |       |       |       ||     2
       Ring mail         |    27 |    63 |    82 |    32 |       |   251 |   117 ||   572
       Chain mail        |       |       |       |   226 |   682 |    86 |       ||   994
Dodge: Dodged            |    44 |   109 |   222 |   247 |   834 |   941 |   306 ||  2703
Block: Kite shield       |       |       |       |   305 |  1437 |  1152 |   310 ||  3204

Table legend:
 A = Non-vault XP
 B = Vault XP
 C = Vault XP percentage of total XP
 D = Non-vault monster count
 E = Vault monster count
 F = Vault count percentage of total count
                 A         B        C        D         E       F
            +---------+---------+-------+---------+---------+-------
      Total |  189172 |  172174 |  47.6 |     787 |     404 |  33.9
            +---------+---------+-------+---------+---------+-------
        D:1 |      26 |       4 |  13.3 |      15 |       3 |  16.7
        D:2 |      46 |       0 |   0.0 |      10 |       0 |   0.0
        D:3 |      47 |      38 |  44.7 |      12 |       1 |   7.7
        D:4 |     208 |       0 |   0.0 |      15 |       0 |   0.0
        D:5 |     282 |     281 |  49.9 |      12 |       1 |   7.7
        D:6 |     882 |     247 |  21.9 |      18 |       8 |  30.8
        D:7 |     945 |       0 |   0.0 |      34 |       0 |   0.0
        D:8 |     664 |    1107 |  62.5 |      14 |       2 |  12.5
        D:9 |    3291 |    1108 |  25.2 |      36 |       7 |  16.3
       D:10 |    1985 |    1971 |  49.8 |      29 |      24 |  45.3
       D:11 |    5267 |    4610 |  46.7 |      47 |      12 |  20.3
       D:12 |    6143 |       0 |   0.0 |      23 |       0 |   0.0
       D:13 |    7548 |   10509 |  58.2 |      35 |      22 |  38.6
       D:14 |    5407 |   12261 |  69.4 |      17 |      20 |  54.1
       D:15 |    6223 |    3188 |  33.9 |      24 |       4 |  14.3
     Lair:1 |    1828 |       0 |   0.0 |      10 |       0 |   0.0
     Lair:2 |    2678 |    1995 |  42.7 |      16 |      10 |  38.5
     Lair:3 |    5184 |    3719 |  41.8 |      25 |       8 |  24.2
     Lair:4 |    4525 |    2160 |  32.3 |      19 |       8 |  29.6
     Lair:5 |    5499 |    1704 |  23.7 |      26 |       4 |  13.3
     Lair:6 |   12131 |    9994 |  45.2 |      35 |      20 |  36.4
    Swamp:1 |   11411 |    4261 |  27.2 |      29 |       5 |  14.7
    Swamp:2 |    6107 |    9688 |  61.3 |      15 |      13 |  46.4
    Swamp:3 |   20578 |    2469 |  10.7 |      40 |       8 |  16.7
    Swamp:4 |    6628 |   23814 |  78.2 |      18 |      27 |  60.0
   Spider:1 |   19355 |    9687 |  33.4 |      51 |      23 |  31.1
   Spider:2 |   15023 |   12027 |  44.5 |      32 |      48 |  60.0
   Spider:3 |   18338 |   15567 |  45.9 |      45 |      26 |  36.6
   Spider:4 |   16347 |   16053 |  49.5 |      49 |      30 |  38.0
      Orc:1 |     888 |     477 |  34.9 |      11 |       2 |  15.4
      Orc:2 |    3688 |   16716 |  81.9 |      25 |      57 |  69.5
   Gauntlet |       0 |    6519 | 100.0 |       0 |      11 | 100.0
            +---------+---------+-------+---------+---------+-------
